 Dungeon Crawl Stone Soup version 0.28.0-53-g5a82cb258f (webtiles) character file.

Game seed: 11488383531379362342

144 rabbi the Ruffian (level 5, -4/53 HPs)
             Began as a Troll Monk on June 25, 2022.
             Was a Priest of Kikubaaqudgha.
             Killed from afar by an acid dragon (17 damage)
             ... with a splash of acid
             ... on level 4 of the Dungeon.
             The game lasted 00:20:09 (2310 turns).

rabbi the Ruffian (Troll Monk)                      Turns: 2310, Time: 00:20:17

Health: -4/53      AC:  4    Str: 21    XL:     5   Next: 5%
Magic:  4/4        EV: 10    Int:  6    God:    Kikubaaqudgha [***...]
Gold:   168        SH:  0    Dex: 12    Spells: 2/4 levels left

rFire   . . .      SeeInvis .     - Unarmed
rCold   . . .      Faith    .   (no shield)
rNeg    . . .      Spirit   .   a - +0 robe
rPois   .          Reflect  .   (helmet restricted)
rElec   .          Harm     .   (no cloak)
rCorr   .          Rampage  .   (gloves unavailable)
Will    .....                   (boots unavailable)
Stlth   ++........              (no amulet)
HPRegen 0.97/turn               (no ring)
MPRegen 0.09/turn               (no ring)

@: no status effects
A: large, unfitting armour, claws 3, regeneration 1, shaggy fur 1, tough skin 1
a: Renounce Religion, Receive Corpses


You were on level 4 of the Dungeon.
You worshipped Kikubaaqudgha.
Kikubaaqudgha was most pleased with you.
You visited 1 branch of the dungeon, and saw 4 of its levels.

You collected 168 gold pieces.

Inventory:

Armour
 a - a +0 robe (worn)
Magical Staves
 g - a staff of air
Wands
 i - a wand of paralysis (8)
Scrolls
 c - a scroll of immolation {unknown}
 d - 3 scrolls of fog
 e - a scroll of magic mapping {unknown}
 f - a scroll of identify
 h - a scroll of enchant weapon {unknown}
 j - a scroll of noise {unknown}
Potions
 b - a potion of brilliance {unknown}
 k - a potion of flight {unknown}


   Skills:
 + Level 3.0 Fighting
 + Level 3.2 Dodging
 + Level 1.3 Stealth
 + Level 4.3 Unarmed Combat


You had 2 spell levels left.
You knew the following spells:

 Your Spells              Type           Power      Damage    Failure   Level
a - Animate Skeleton      Necr           0%         N/A       43%         1
b - Pain                  Necr           0%         1d4       43%         1

Your spell library contained the following spells:

 Spells                   Type           Power      Damage    Failure   Level
 Sandblast                Erth           0%         2d4       45%         1
 Corpse Rot               Necr/Air       0%         N/A       58%         2
 Passwall                 Tmut/Erth      0%         N/A       58%         2
 Sublimation of Blood     Necr           0%         N/A       58%         2
 Stone Arrow              Conj/Erth      0%         3d7       83%         3
 Animate Dead             Necr           0%         N/A       99%         4
 Dispel Undead            Necr           0%         3d6       99%         4
 Borgnjor's Vile Clutch   Necr/Erth      0%         N/A       100%        5
 Excruciating Wounds      Necr           0%         N/A       100%        5
 Simulacrum               Ice/Necr       0%         N/A       100%        6


Dungeon Overview and Level Annotations

Branches:
Dungeon (4/15)
 Temple: D:4-7

Altars:
Kikubaaqudgha


Innate Abilities, Weirdness & Mutations

You are too large for most types of armour.
You have claws for hands.
Your natural rate of healing is unusually fast.
You are covered in fur. (AC +1)
You have tough skin. (AC +1)


Message History

There is a stone staircase leading down, spattered with blood here.
Things that are here:
a +0 club; a jackal corpse; a jackal corpse You scratch the gnoll.
Your claw misses the gnoll.
The gnoll is moderately wounded.
The gnoll hits you with a +0 club.
You scratch the gnoll.
The gnoll is heavily wounded.
You barely miss the gnoll. You claw the gnoll!
You kill the gnoll!
Kikubaaqudgha accepts your kill.
Your Fighting skill increases to level 3!
You barely miss the gnoll. The gnoll hits you with a +0 club.
You scratch the gnoll.
The gnoll is heavily wounded.
The gnoll hits you with a +0 club.
You closely miss the gnoll.
The gnoll is heavily wounded.
The gnoll barely misses you.
You claw the gnoll!
You kill the gnoll!
Kikubaaqudgha accepts your kill.
You have reached level 5!
There is a stone staircase leading down, spattered with blood here.
Items here: ))) ††††.
You start resting.
HP restored.
You climb downwards.
There is a stone staircase leading up here.
The acid dragon spits acid at you. The splash of acid hits you!!
The gnoll barely misses you.
The gnoll hits you from afar with a +0 halberd!
The gnoll hits you from afar with a +0 spear.
The gnoll hits you from afar with a +0 halberd.
* * * LOW HITPOINT WARNING * * *
The acid dragon spits acid at you. The splash of acid hits you!
You die...
Kikubaaqudgha rasps: "You have failed me!
Welcome... death!"

#######
##.....##
...#.......##
#.....@....#
#..8....g8.#
#......g...#
#....8D8...#
##.........#
#.8.....8.#
#....<....#
##.......##


You could see an acid dragon (catching breath) and 2 gnolls.

Vanquished Creatures
  2 gnolls (D:3)
  4 adders
  3 worms
  A dart slug (D:1)
  An orc (D:2)
  8 bats
  9 endoplasms
  4 giant cockroaches
  3 goblins
  3 hobgoblins
  6 jackals
  4 quokkas
  6 ball pythons
  8 frilled lizards
  7 kobolds
  6 rats
75 creatures vanquished.

Notes
Turn   | Place    | Note
-------+----------+-------------------------------------------
     0 | D:1      | rabbi the Troll Monk began the quest for the Orb.
     0 | D:1      | Reached XP level 1. HP: 22/22 MP: 0/0
    23 | D:1      | Found a faded altar of an unknown god.
    85 | D:1      | Reached XP level 2. HP: 29/29 MP: 1/1
   426 | D:1      | Reached XP level 3. HP: 36/36 MP: 2/2
   471 | D:1      | Prayed at the altar of an unknown god.
   471 | D:1      | Became a worshipper of Kikubaaqudgha
   471 | D:1      | Reached * piety under Kikubaaqudgha
   471 | D:1      | Received a gift from Kikubaaqudgha
   471 | D:1      | Reached ** piety under Kikubaaqudgha
   501 | D:1      | Learned a level 1 spell: Animate Skeleton
   706 | D:1      | Found an ancient bone altar of Kikubaaqudgha.
   785 | D:2      | Reached *** piety under Kikubaaqudgha
   785 | D:2      | Received a gift from Kikubaaqudgha
   788 | D:2      | Learned a level 1 spell: Pain
  1337 | D:2      | Reached skill level 4 in Unarmed Combat
  1339 | D:2      | Reached XP level 4. HP: 44/44 MP: 3/3
  2246 | D:4      | Noticed an acid dragon
  2292 | D:3      | Reached XP level 5. HP: 40/53 MP: 4/4
  2310 | D:4      | Killed from afar by an acid dragon

Illustrated notes

Levels and vault maps discovered:
D:1:      dpeg_arrival_radiant, layout_rooms,
          shapermc_ecumenical_altar_starsandcircs
D:2:      layout_basic, minmay_hexomino_c4
D:3:      layout_loops_ring
D:4:      layout_rooms, grunt_ministairs_10

Skill      XL: |  1  2  3  4 |
---------------+-------------+-----
Dodging        | 3 |  3.2
Unarmed Combat | 4 |  4.3
Fighting       | 3 |  3.0
Stealth        | |  1.3

Action                   |  1- 3 |  4- 6 || total
-------------------------+-------+-------++-------
Melee: Unarmed           |   126 |    86 ||   212
       Punch             |     2 |     1 ||     3
 Cast: Pain              |     1 |       ||     1
  Use: Scroll            |     1 |       ||     1
 Stab: Distracted        |     1 |       ||     1
       Sleeping          |     2 |       ||     2
Armor: Robe              |    35 |    32 ||    67
Dodge: Dodged            |    52 |    66 ||   118
